[Event "*** SCC Grand Prix: Titled Tuesday Blitz"]
[Site "Chess.com"]
[Date "2020.06.09"]
[Round "8"]
[White "Lovinski"]
[Black "Belka1989"]
[Result "1-0"]
[WhiteElo "2365"]
[BlackElo "2443"]
[TimeControl "180+1"]
[EndTime "10:35:00 PDT"]
[Termination "Lovinski won on time"]

1. d4 Nf6 2. Nf3 c5 3. g3 d5 4. Bg2 Nc6 5. O-O e6 6. c4 cxd4 7.
Nxd4 Be7 8. cxd5 exd5 9. Nc3 h6 10. b3 O-O 11. Bb2 Be6 12. Rc1 Qa5 13. Nxc6 bxc6 14. Na4 Rac8 15. Bc3 Qa6 16. Bd4 Rfd8 17. Bc5 Bxc5 18.
Nxc5 Qa3 19. Qd2 Nd7 20. Nxd7 Bxd7 21. Rc2 Bf5 22. Rc3 Qa5 23. e3 Be6 24. Rfc1 c5 25.
Rd3 Qb6 26. Bxd5 Bxd5 27. Rxd5 Rxd5 28. Qxd5 Qa5 29. Rc2 Qe1+ 30. Kg2 Qa5 31. Qf5 Rc7 32. Qe5 Qb6 33. Qe8+ Kh7 34. Qe4+ Kg8 35. h4 Qb5 36. Rd2 Rc8 37. Qf5 Qa6 38. Rd7 Qc6+ 39. Kh2 Rf8 40. Qd5 Qg6 41. Qxc5 Qb1 42. Rd2 1-0

[Event "*** SCC Grand Prix: Titled Tuesday Blitz"]
[Site "Chess.com"]
[Date "2020.06.09"]
[Round "8"]
[White "2007checkmate"]
[Black "ZarinaShafigullina"]
[Result "1-0"]
[WhiteElo "2408"]
[BlackElo "2242"]
[TimeControl "180+1"]
[EndTime "10:35:00 PDT"]
[Termination "2007checkmate won by resignation"]

1. Nc3 e5 2. Nf3 Nc6 3. d4 exd4 4. Nxd4 Nf6 5. g3 Bc5 6. Nxc6 dxc6 7. Qxd8+ Kxd8 8.
Bg5 Be7 9. O-O-O+ Ke8 10. Bg2 Be6 11. e4 Nd7 12. Bxe7 Kxe7 13. f4 g6 14. Rhe1 Bg4 15.
Rd2 Nb6 16. h3 Be6 17. b3 Rad8 18. Red1 Rxd2 19. Rxd2 Rd8 20. a4 a5 21. Rxd8 Kxd8 22.
Kd2 h5 23. Ke3 Ke7 24. Kd4 Nd7 25. e5 Nb6 26. Ne4 Bc8 27. Nf2 Be6 28. c4 Bf5 29. Be4 Bxe4 30. Nxe4 Nd7 31. Nc5 Nxc5 32. Kxc5 Ke6 33.
Kd4 Kf5 34. Ke3 g5 35. Kf3 h4 36. g4+ Ke6 37. Ke4 gxf4 38. Kxf4 b5 39. axb5 cxb5 40. cxb5 Kd5 41. Kf5 Kc5 42. Kf6 Kxb5 43. Kxf7 Kb4 44. e6 Kxb3 45. e7 a4 46. e8=Q a3 47. Qe5 c5 48. Qa1 c4 49. g5 c3 50. g6 c2 51. g7 1-0

[Event "*** SCC Grand Prix: Titled Tuesday Blitz"]
[Site "Chess.com"]
[Date "2020.06.09"]
[Round "8"]
[White "TERMINATOR_PC"]
[Black "joksijoksi"]
[Result "1-0"]
[WhiteElo "2478"]
[BlackElo "2354"]
[TimeControl "180+1"]
[EndTime "10:35:01 PDT"]
[Termination "TERMINATOR_PC won on time"]

1. e4 e6 2. d4 d5 3. exd5 exd5 4.
Nc3 c6 5. Bd3 Bd6 6. Nge2 Ne7 7.
Bf4 Bf5 8. O-O O-O 9. Bxd6 Qxd6 10. Ng3 Bg6 11. f4 Bxd3 12. Qxd3 Nd7 13. Rae1 Rae8 14.
Nd1 f5 15. Rxe7 Qxe7 16. Nxf5 Qe4 17. Ng3 Qxd3 18. cxd3 Rf7 19. h3 Ref8 20. Ne2 g5 21.
g3 gxf4 22. Nxf4 Nf6 23. Ne3 Re8 24. Nf5 Rfe7 25. Nxe7+ Rxe7 26. Kf2 Nd7 27. g4 a5 28.
b3 Nb8 29. h4 Na6 30. a3 Nc7 31. a4 Rf7 32. Kg3 Ne6 33. g5 Nxd4 34. Re1 Nxb3 35. Nh5 Kf8 36. Nf6 Re7 37. Rf1 Kg7 38.
h5 Rf7 39. Kg4 1-0

[Event "*** SCC Grand Prix: Titled Tuesday Blitz"]
[Site "Chess.com"]
[Date "2020.06.09"]
[Round "8"]
[White "UCantHandleDenker"]
[Black "Harsha_Bharathakoti"]
[Result "0-1"]
[WhiteElo "2518"]
[BlackElo "2748"]
[TimeControl "180+1"]
[EndTime "10:35:02 PDT"]
[Termination "Harsha_Bharathakoti won by checkmate"]

1. Nf3 d5 2. g3 g6 3. Bg2 Bg7 4. O-O e5 5. d3 Ne7 6. Nbd2 O-O 7. e4 Nbc6 8. Re1 Re8 9. c3 h6 10. b4 a6 11. Qc2 Be6 12. a3 Qd7 13. Bb2 Bh3 14. Re2 Bxg2 15. Kxg2 dxe4 16. dxe4 Rad8 17. Nc4 b5 18. Ne3 Qd3 19. Rc1 h5 20. Qxd3 Rxd3 21. Rcc2 Red8 22. c4 Nd4 23. Nxd4 exd4 24. Nd5 Rd7 25.
Nxe7+ Rxe7 26. cxb5 axb5 27. Re1 Rb3 28. Rd2 d3 29. Bxg7 Kxg7 30. Kf3 Rxa3 31. Red1 Rb3 32. Rxd3 Rxb4 33. Re1 Rc4 34. Rd8 b4 35. Rb8 c5 36. e5 Rc3+ 37. Ke4 b3 38. Kd5 c4 39. Re4 Rd7+ 40. Kc6 Ra7 41. Kd5 Ra5+ 42. Kd4 Rc2 43. e6 fxe6 44. Rxe6 Ra7 45. Ree8 Rd7+ 46. Ke3 Rd3+ 47. Kf4 Rxf2+ 48. Kg5 Rd5+ 49. Kh4 Rxh2# 0-1

[Event "*** SCC Grand Prix: Titled Tuesday Blitz"]
[Site "Chess.com"]
[Date "2020.06.09"]
[Round "8"]
[White "savagemedusa"]
[Black "MuhittinBuker"]
[Result "0-1"]
[WhiteElo "2009"]
[BlackElo "1899"]
[TimeControl "180+1"]
[EndTime "10:35:02 PDT"]
[Termination "MuhittinBuker won by checkmate"]

1. d4 Nf6 2. c4 g6 3. Nc3 Bg7 4. e4 d6 5. Be2 O-O 6. Be3 c5 7. d5 Re8 8. g4 e6 9. f3 exd5 10. cxd5 a6 11. h4 b5 12. h5 Bb7 13. Qd2 b4 14. Na4 Qe7 15. Bh6 Bh8 16. hxg6 fxg6 17.
Nb6 Ra7 18. Nc4 Nbd7 19. Nh3 Ne5 20. Nf4 Nxc4 21. Bxc4 Nxe4 22. Qe2 Ng3 23. Qxe7 Rxe7+ 24. Kf2 Nxh1+ 25. Rxh1 Bxb2 26. Bg5 Bd4+ 27. Kg3 Rf7 28.
Ne6 Bc8 29. Bf4 Rad7 30. Re1 Rxf4 31. Nxf4 Be5 32. Re4 Rf7 33. Rxe5 dxe5 34. d6 exf4+ 35. Kh4 Kg7 36. Bxf7 Kxf7 37. Kg5 Be6 38. Kxf4 Bxa2 39. d7 Ke7 40. Ke5 Kxd7 41. f4 Bc4 42. f5 gxf5 43.
gxf5 b3 44. Ke4 b2 45. Kf4 b1=Q 46. Kg5 Qg1+ 47. Kh6 Ke7 48. f6+ Kxf6 49. Kh5 Be2+ 50. Kh4 Qg4# 0-1

[Event "*** SCC Grand Prix: Titled Tuesday Blitz"]
[Site "Chess.com"]
[Date "2020.06.09"]
[Round "8"]
[White "Fandorine"]
[Black "NewBornNow"]
[Result "1-0"]
[WhiteElo "2896"]
[BlackElo "2705"]
[TimeControl "180+1"]
[EndTime "10:35:03 PDT"]
[Termination "Fandorine won by resignation"]

1. e4 g6 2. d4 Bg7 3. Nc3 c6 4. Nf3 d6 5. Be2 Nf6 6. O-O O-O 7. a4 Nbd7 8. h3 e5 9. dxe5 dxe5 10. Be3 Qe7 11.
Qb1 Nc5 12. Nd2 Ne6 13. Rd1 Nd4 14. Bf1 Nh5 15. Nb3 Nxb3 16. cxb3 Be6 17. Qc2 f5 18. exf5 gxf5 19. Nb1 Qf7 20. Nd2 Rfd8 21. Bc4 Kh8 22. Nf3 Bd5 23. Ng5 Qg6 24. g4 Nf4 25. Qxf5 Qxf5 26.
gxf5 Bf6 27. Ne6 Rg8+ 28. Kf1 Nxh3 29. Ke2 Nf4+ 30. Bxf4 Bxc4+ 31. bxc4 exf4 32. Kf3 Bxb2 33. Rab1 Be5 34. Rxb7 Rab8 35. Rxa7 Rb3+ 36. Ke4 Bf6 37. Rh1 1-0

[Event "*** SCC Grand Prix: Titled Tuesday Blitz"]
[Site "Chess.com"]
[Date "2020.06.09"]
[Round "8"]
[White "goldenpuppy"]
[Black "Oligan22"]
[Result "0-1"]
[WhiteElo "2225"]
[BlackElo "2407"]
[TimeControl "180+1"]
[EndTime "10:35:03 PDT"]
[Termination "Oligan22 won by resignation"]

1. e4 c6 2. d4 d5 3. Nc3 dxe4 4. Nxe4 Nf6 5. Nxf6+ exf6 6. c3 Bd6 7. Bd3 O-O 8. Qc2 Re8+ 9. Ne2 h5 10. Be3 Nd7 11.
O-O-O Nf8 12. Kb1 Be6 13. c4 Rc8 14. h3 b5 15. c5 Bb8 16. g4 h4 17. Rhg1 a5 18. g5 fxg5 19. Bxg5 Qd5 20. Nc3 Qf3 21. Bh6 g6 22. Bxg6 fxg6 23. Rxg6+ Kf7 24. Rg7+ Kf6 25. Ne4+ Qxe4 26. Qxe4 Bxa2+ 27. Kxa2 Rxe4 28. Rg8 Ree8 29. Rdg1 Ne6 30. R1g6+ Kf7 31. Rxe8 Rxe8 32. Rg4 Rd8 33. Be3 Rh8 34. Kb3 Rh5 35. Kc3 Bc7 36. b4 a4 37.
f4 Bd8 38. Rg2 Bf6 39. Kd3 Nxd4 40. Bxd4 Rd5 41. Ke4 Rxd4+ 42. Kf5 Rd5+ 43. Ke4 Ke6 0-1

[Event "*** SCC Grand Prix: Titled Tuesday Blitz"]
[Site "Chess.com"]
[Date "2020.06.09"]
[Round "8"]
[White "Ekka83"]
[Black "tamarozi99"]
[Result "1-0"]
[WhiteElo "2397"]
[BlackElo "2066"]
[TimeControl "180+1"]
[EndTime "10:35:03 PDT"]
[Termination "Ekka83 won by checkmate"]

1. Nf3 g6 2. b3 Bg7 3. Nc3 c5 4. Bb2 Nc6 5. g3 d5 6. Bg2 e5 7.
O-O Nf6 8. e3 O-O 9. Ne2 e4 10.
Ne1 Be6 11. d3 Qc8 12. Nf4 Bg4 13. Qc1 g5 14. Bxf6 gxf4 15. Bxg7 Kxg7 16. exf4 Be2 17. dxe4 Bxf1 18. Kxf1 dxe4 19. Bxe4 Qh3+ 20. Kg1 Nd4 21. Qb2 f6 22. Bg2 Ne2+ 23. Kh1 Qh6 24. Nf3 Rad8 25. c3 Rfe8 26. Re1 Nxf4 27. gxf4 Rxe1+ 28. Nxe1 Qxf4 29.
Qe2 Rd2 30. Qe7+ Kh6 31. Qf8+ Kg5 32. Nf3+ Kf5 33. Qxc5+ Kg6 34. Nxd2 Qxd2 35. Be4+ Kg7 36. Qe7+ Kg8 37. Qxh7+ Kf8 38. Qh8+ Ke7 39. Qg7+ Ke6 40. Kg2 Qf4 41. Qg8+ Ke5 42. Qd5# 1-0

[Event "*** SCC Grand Prix: Titled Tuesday Blitz"]
[Site "Chess.com"]
[Date "2020.06.09"]
[Round "8"]
[White "fabianvivasz"]
[Black "witcher8"]
[Result "0-1"]
[WhiteElo "2282"]
[BlackElo "2414"]
[TimeControl "180+1"]
[EndTime "10:35:03 PDT"]
[Termination "witcher8 won on time"]

1. c4 e5 2. Nc3 Nc6 3. Nf3 f5 4. d4 e4 5. Ng5 Be7 6. Nh3 Nf6 7.
g3 O-O 8. Bg2 Kh8 9. Bg5 h6 10.
Bxf6 Bxf6 11. Nf4 Qe8 12. Nb5 Qf7 13. Nxc7 Rb8 14. Nb5 Qxc4 15. Ng6+ Kg8 16. Nxf8 Qxb5 17. Ng6 Nxd4 18. O-O Nxe2+ 19. Kh1 Nd4 20. Qh5 d5 21. Rfd1 Be6 22. Nf4 Bf7 23. Qh3 Qxb2 24. Nh5 Be5 25. Rab1 Qxf2 26. Rf1 Qxa2 27. Nf4 b5 0-1

[Event "*** SCC Grand Prix: Titled Tuesday Blitz"]
[Site "Chess.com"]
[Date "2020.06.09"]
[Round "8"]
[White "DrBergerBerger"]
[Black "kingmonkey2006"]
[Result "1-0"]
[WhiteElo "2451"]
[BlackElo "2567"]
[TimeControl "180+1"]
[EndTime "10:35:04 PDT"]
[Termination "DrBergerBerger won by resignation"]

1. e4 c5 2. Nc3 d6 3. d4 cxd4 4. Qxd4 Nc6 5. Qd2 g6 6. b3 Bh6 7. f4 Nf6 8. Bb2 e5 9. Nge2 O-O 10. O-O-O Nd4 11. g3 Bg4 12. Kb1 Bf3 13. Rg1 Nxe2 14.
Bxe2 Nxe4 15. Nxe4 Bxe4 16. Qe3 d5 17. Bxe5 Re8 18.
Qd4 Rc8 19. Bd3 Bxd3 20. Rxd3 Rc6 21. Qxd5 Qc8 22. Rc1 Bf8 23. Bb2 Re2 24. Qd4 f6 25. Rc3 Bc5 26. Qc4+ Kg7 27. Qxe2 1-0

[Event "*** SCC Grand Prix: Titled Tuesday Blitz"]
[Site "Chess.com"]
[Date "2020.06.09"]
[Round "8"]
[White "harkerchess"]
[Black "Kislov_Oleg"]
[Result "0-1"]
[WhiteElo "2032"]
[BlackElo "2395"]
[TimeControl "180+1"]
[EndTime "10:35:04 PDT"]
[Termination "Kislov_Oleg won by checkmate"]

1. d4 Nf6 2. Bg5 Ne4 3. Bf4 d5 4. Nd2 Nxd2 5. Qxd2 Bf5 6. O-O-O c6 7. f3 e6 8. h4 h6 9. g4 Bh7 10. e3 Nd7 11. Bd3 Bxd3 12. Qxd3 Qa5 13. Kb1 b5 14. Ne2 Nb6 15. Qc3 Qxc3 16. Nxc3 a5 17. e4 b4 18. Ne2 Nc4 19. g5 h5 20. g6 fxg6 21. Rhg1 Kf7 22.
Bc1 Bd6 23. e5 Be7 24. Nf4 g5 25. hxg5 g6 26. Ng2 Kg7 27. Nh4 Rhf8 28. f4 a4 29.
Rdf1 c5 30. Nf3 Rfb8 31. Rg2 b3 32. cxb3 axb3 33. a3 Nb6 34. Be3 c4 35. Bd2 Na4 36. Ng1 c3 37. bxc3 Bxa3 38. Ne2 Nb6 39. Bc1 b2 40. Bd2 Nc4 41. Ng3 Be7 42. Kc2 Na3+ 43.
Kd3 b1=Q+ 44. Rxb1 Nxb1 45. f5 exf5 46. e6 Ra2 47.
Bf4 Rxg2 48. Bxb8 h4 49. Be5+ Kg8 50. Nf1 h3 51. Nh2 Bxg5 52. c4 Rd2# 0-1

[Event "*** SCC Grand Prix: Titled Tuesday Blitz"]
[Site "Chess.com"]
[Date "2020.06.09"]
[Round "8"]
[White "Sam_ChessMood"]
[Black "Colchonero64"]
[Result "1-0"]
[WhiteElo "2843"]
[BlackElo "2982"]
[TimeControl "180+1"]
[EndTime "10:35:07 PDT"]
[Termination "Sam_ChessMood won by checkmate"]

1. e4 e6 2. d4 d5 3. Nc3 Nf6 4. e5 Nfd7 5. f4 c5 6. Nf3 Nc6 7. Be3 a6 8. Qd2 b5 9. Bd3 b4 10. Na4 c4 11. Be2 Nb6 12. Nc5 Nd7 13. Nxd7 Bxd7 14. O-O Be7 15. b3 c3 16. Qe1 a5 17.
Bd3 a4 18. Qg3 g6 19. Rae1 Qb6 20. Kh1 axb3 21. axb3 Ra2 22. Ng5 Nd8 23. h4 Bb5 24. Bxb5+ Qxb5 25. Rf2 Kd7 26. h5 Qa6 27. Qh3 h6 28.
Nxf7 Nxf7 29. hxg6 Nd8 30. g7 Rg8 31. Qxh6 Qa8 32. Qh7 Nc6 33. f5 exf5 34. Rxf5 Rxc2 35. e6+ Kc7 36. Rxd5 Rxg2 37. Rd7+ Kc8 38. Qxg8+ Nd8 39. d5 Qa2 40. Bf4 Qf2 41. Rc7+ Kb8 42. Rxe7+ Qxf4 43. Qxd8# 1-0

[Event "*** SCC Grand Prix: Titled Tuesday Blitz"]
[Site "Chess.com"]
[Date "2020.06.09"]
[Round "8"]
[White "guillembaches"]
[Black "Jadeit90"]
[Result "1-0"]
[WhiteElo "2487"]
[BlackElo "2313"]
[TimeControl "180+1"]
[EndTime "10:35:07 PDT"]
[Termination "guillembaches won by resignation"]

1. e4 g6 2. d4 Bg7 3. Be3 c5 4. Ne2 cxd4 5. Nxd4 Nf6 6. Nc3 O-O 7. Bc4 Nc6 8. Bb3 Ng4 9. Qxg4 Nxd4 10. Qd1 Nxb3 11.
axb3 d6 12. Bd4 Be6 13. Bxg7 Kxg7 14. Qd4+ Kg8 15. Rxa7 Rxa7 16. Qxa7 Qc8 17. O-O b5 18. Qxe7 b4 19. Nd5 Bxd5 20. exd5 Qxc2 21. Qxd6 Qxb3 22. Qb6 Qxd5 23. Qxb4 Re8 24. Re1 Rxe1+ 25. Qxe1 Qb3 26. Qe8+ Kg7 27. Qe5+ Kg8 28. h4 h5 29. g3 Qd1+ 30. Kg2 Qb3 31. Qc3 Qd5+ 32. Qf3 Qb5 33. b3 Qb4 34. Qd5 Kg7 35. Qc4 Qb7+ 36. Kf1 Qh1+ 37. Ke2 Qb1 38. b4 Qb2+ 39. Kf1 Qb1+ 40. Kg2 Kg8 41. b5 Kg7 42. Qd4+ Kg8 43. b6 Kh7 44. Kf3 Qf5+ 45. Ke2 Qc2+ 46. Ke1 Qb1+ 47. Kd2 Qb5 48. Kc3 Qb1 49. Kc4 Qc2+ 50. Kd5 Qf5+ 51. Kc6 Qe6+ 52.
Kc7 Qe7+ 53. Kb8 Qe8+ 54. Ka7 Qe7+ 55. b7 Qa3+ 56. Kb8 Qf8+ 57. Kc7 Qe7+ 58. Kb6 Qe6+ 59. Ka7 Qa2+ 60. Kb6 Qb3+ 61. Kc7 Qc2+ 62. Kd8 Qb3 63. Qd7 Kg8 64. Kc8 Qc4+ 65. Qc7 Qe6+ 66. Kb8 Kh7 67. Ka7 Qa2+ 68. Kb6 Qb3+ 69. Kc6 Qc4+ 70. Kd7 Qd5+ 71. Ke8 Qe6+ 72. Kf8 1-0

[Event "*** SCC Grand Prix: Titled Tuesday Blitz"]
[Site "Chess.com"]
[Date "2020.06.09"]
[Round "8"]
[White "Smile2005"]
[Black "kushagramohan"]
[Result "0-1"]
[WhiteElo "2505"]
[BlackElo "2719"]
[TimeControl "180+1"]
[EndTime "10:35:08 PDT"]
[Termination "kushagramohan won by resignation"]

1. Nf3 Nf6 2. g3 g6 3. Bg2 Bg7 4. O-O c5 5. d3 O-O 6. Nc3 d5 7.
e4 d4 8. Nb1 Nc6 9. a4 a6 10. Bd2 e5 11. Na3 Be6 12. Nc4 Nxe4 13. Nfxe5 Nxe5 14. Nxe5 Nxd2 15. Re1 Qc7 16. f4 Bxe5 17.
Rxe5 Nb3 18. cxb3 Qd6 19. Rc1 Rac8 20. Bxb7 Rb8 21. Bg2 Rxb3 22. Rexc5 Rxb2 23. Rc6 Rxg2+ 24. Kxg2 Bd5+ 25. Kg1 Bxc6 26. Qc2 Rc8 27. Qc4 Bb7 28. Qxc8+ Bxc8 29. Rxc8+ Kg7 30. Rc4 Qa3 31. Rxd4 Qc5 0-1

[Event "*** SCC Grand Prix: Titled Tuesday Blitz"]
[Site "Chess.com"]
[Date "2020.06.09"]
[Round "8"]
[White "AniJak"]
[Black "Kilpkonn"]
[Result "1-0"]
[WhiteElo "2246"]
[BlackElo "2010"]
[TimeControl "180+1"]
[EndTime "10:35:08 PDT"]
[Termination "AniJak won on time"]

1. e4 d5 2. exd5 Qxd5 3. Nc3 Qa5 4. d4 Nf6 5. Bc4 Nc6 6. Ne2 Be6 7. Bxe6 fxe6 8. O-O O-O-O 9. Be3 e5 10. d5 e6 11.
d6 Bxd6 12. Qc1 e4 13. Ng3 Qe5 14. Nce2 h5 15. Bf4 Qc5 16. Nc3 e5 17. Be3 Qc4 18.
Nf5 Nd4 19. Nxd6+ Rxd6 20. Kh1 Ng4 21. Bxd4 Qxd4 22. Qe1 Rg6 23. Nxe4 h4 24. c3 Qb6 25. h3 Nf6 26. Nxf6 gxf6 27. Qe4 Rhg8 28. Rad1 Qxb2 29. Rb1 Qxc3 30. Qxb7+ Kd7 31. Rbd1+ Ke7 32. Rc1 1-0

[Event "*** SCC Grand Prix: Titled Tuesday Blitz"]
[Site "Chess.com"]
[Date "2020.06.09"]
[Round "8"]
[White "BIG_Pirate"]
[Black "Manukyan_Artak"]
[Result "1/2-1/2"]
[WhiteElo "2417"]
[BlackElo "2308"]
[TimeControl "180+1"]
[EndTime "10:35:10 PDT"]
[Termination "Game drawn by repetition"]

1. Nf3 c6 2. c4 d5 3. g3 Nf6 4. Bg2 Bf5 5. cxd5 cxd5 6. Qb3 Qb6 7. Qxb6 axb6 8. Nc3 e6 9. Nb5 Kd8 10. O-O Nc6 11. d3 h6 12. a3 g5 13. Be3 Bc5 14.
Nfd4 Bg4 15. b4 Be7 16. f3 Bh5 17. Rfc1 Kd7 18. Bf2 Rhc8 19. e4 Bg6 20. Rc3 Ne5 21. Rac1 Nxd3 22. Rc7+ Kd8 23. R1c3 Nxf2 24. Kxf2 dxe4 25.
Rxb7 Rxc3 26. Nxc3 Rxa3 27. Nc6+ Kc8 28. Rxe7 Rxc3 29.
b5 e3+ 30. Ke1 Rc1+ 31. Ke2 Rc2+ 32. Ke1 Rxg2 33. Na7+ Kd8 34. Nc6+ Kc8 35. Na7+ Kd8 36. Nc6+ Kc8 1/2-1/2

[Event "*** SCC Grand Prix: Titled Tuesday Blitz"]
[Site "Chess.com"]
[Date "2020.06.09"]
[Round "8"]
[White "Grieve72"]
[Black "Khazieva_Elza"]
[Result "1-0"]
[WhiteElo "2378"]
[BlackElo "2236"]
[TimeControl "180+1"]
[EndTime "10:35:10 PDT"]
[Termination "Grieve72 won by resignation"]

1. e4 c5 2. Nf3 d6 3. d4 cxd4 4. Nxd4 Nf6 5. Nc3 Nc6 6. f3 e5 7. Nb3 Be6 8. Be3 Be7 9. Nd5 Bxd5 10. exd5 Nb8 11. Be2 O-O 12. O-O Nbd7 13. Qd2 Nb6 14.
c4 Rc8 15. Na5 Qc7 16. Rac1 Nfd7 17. b4 f5 18. Rfd1 Nb8 19. c5 N6d7 20. c6 bxc6 21.
Nxc6 Nxc6 22. Rxc6 Qb7 23. Ba6 Qb8 24. Bxc8 Rxc8 25.
Bxa7 Qxa7+ 26. Qf2 Qb7 27. Rdc1 Rd8 28. a3 Bg5 29. R1c2 Qb5 30. Rxd6 Qd3 31. Qe2 Be3+ 32. Kf1 Qxe2+ 33. Kxe2 f4 34. Rc7 1-0

[Event "*** SCC Grand Prix: Titled Tuesday Blitz"]
[Site "Chess.com"]
[Date "2020.06.09"]
[Round "8"]
[White "GMaka"]
[Black "pedro_gines"]
[Result "0-1"]
[WhiteElo "2344"]
[BlackElo "2460"]
[TimeControl "180+1"]
[EndTime "10:35:11 PDT"]
[Termination "pedro_gines won by resignation"]

1. b3 e5 2. Bb2 Nc6 3. e4 Nf6 4.
Nc3 Bc5 5. h3 O-O 6. Bc4 Nd4 7.
Nge2 c6 8. O-O d5 9. Bd3 Re8 10. Ng3 Qd6 11. Na4 Ba3 12. c3 Bxb2 13. Nxb2 Ne6 14. Nf5 Qc7 15. f3 Nf4 16. Bc2 d4 17. cxd4 exd4 18. Nd3 Nxd3 19. Bxd3 Bxf5 20. exf5 Nd5 21.
Be4 Nf4 22. d3 a5 23. Qd2 a4 24. b4 g6 25. Rac1 gxf5 26. Bxf5 Ne2+ 27. Kh1 Ng3+ 28.
Kg1 Nxf5 29. Qg5+ Ng7 30. Rc5 Kh8 31. Qf6 Qe7 32. Qxd4 Qe3+ 33. Qxe3 Rxe3 34. Rd1 Ne6 35. Rc2 Rd8 0-1

[Event "*** SCC Grand Prix: Titled Tuesday Blitz"]
[Site "Chess.com"]
[Date "2020.06.09"]
[Round "8"]
[White "Savva09022009"]
[Black "BikingBrian"]
[Result "0-1"]
[WhiteElo "2410"]
[BlackElo "2315"]
[TimeControl "180+1"]
[EndTime "10:35:11 PDT"]
[Termination "BikingBrian won by checkmate"]

1. d4 Nf6 2. Nc3 d5 3. Bf4 c5 4. e3 cxd4 5. exd4 a6 6. Nf3 Nc6 7. Be2 Bg4 8. O-O e6 9. h3 Bh5 10. Ne5 Bxe2 11. Nxe2 Bd6 12. c3 Qc7 13. Nxc6 bxc6 14.
Bxd6 Qxd6 15. Qd3 c5 16. c4 O-O 17. cxd5 Qxd5 18. Rfd1 Rfd8 19. Qe3 c4 20. Nc3 Qc6 21.
Rac1 Rab8 22. Rc2 Nd5 23. Ne4 Nb4 24. Re2 Nxa2 25. Qg5 Kh8 26. Re3 f5 27. Nf6 e5 28.
Nh5 Qg6 29. Qh4 Rxd4 30. Rxd4 exd4 31. Rg3 Qd6 32. Rxg7 Rxb2 33. Ra7 Rb1# 0-1

[Event "*** SCC Grand Prix: Titled Tuesday Blitz"]
[Site "Chess.com"]
[Date "2020.06.09"]
[Round "8"]
[White "Xeniya2005"]
[Black "AungTZ"]
[Result "1-0"]
[WhiteElo "2311"]
[BlackElo "2117"]
[TimeControl "180+1"]
[EndTime "10:35:11 PDT"]
[Termination "Xeniya2005 won by resignation"]

1. e4 c5 2. Nf3 Nc6 3. d4 cxd4 4. Nxd4 Nf6 5. Nc3 d6 6. Bg5 e6 7. Qd2 a6 8. O-O-O h6 9. Nxc6 bxc6 10. Bf4 Qc7 11.
Bxd6 Bxd6 12. Qxd6 Qxd6 13. Rxd6 Bd7 14. Bc4 Ke7 15.
Rd2 Rhb8 16. Rhd1 Be8 17. a3 a5 18. Na4 Nd7 19. f4 Nb6 20. Nxb6 Rxb6 21. h4 a4 22. g4 Rab8 23. b3 axb3 24. cxb3 Ra8 25. a4 Rb4 26. Kc2 c5 27. Kc3 Bc6 28. e5 Ra7 29. Rd6 Be8 30. f5 Bd7 31. R1d2 exf5 32.
gxf5 Bxf5 33. R6d5 Be6 34. Rxc5 Rb6 35. Bxe6 Rxe6 36.
a5 Raa6 37. b4 Rec6 38. Rd5 Ke6 39. Kb3 Rxc5 40. Rxc5 f5 41. exf6 gxf6 42. Ka4 f5 43.
b5 Ra8 44. b6 f4 45. b7 Rb8 46. a6 Kd6 47. Rc4 Rf8 48. Kb5 Rf5+ 49. Kb6 Rf6 50. Rxf4 Kd5+ 51. Rxf6 Ke5 52. Rc6 1-0

[Event "*** SCC Grand Prix: Titled Tuesday Blitz"]
[Site "Chess.com"]
[Date "2020.06.09"]
[Round "8"]
[White "AndrewMaco"]
[Black "Arkady_Gitelson"]
[Result "0-1"]
[WhiteElo "2669"]
[BlackElo "2553"]
[TimeControl "180+1"]
[EndTime "10:35:12 PDT"]
[Termination "Arkady_Gitelson won by resignation"]

1. e4 c5 2. Nf3 Nc6 3. Bb5 e6 4. Bxc6 bxc6 5. b3 Ne7 6. Bb2 Ng6 7. e5 Be7 8. h4 f6 9. h5 Nxe5 10.
Nxe5 fxe5 11. h6 g6 12. Bxe5 Bf6 13. Qe2 d6 14. Bxf6 Qxf6 15. Nc3 O-O 16. f3 a5 17. a4 Ba6 18. Qe3 c4 19. bxc4 Bxc4 20. Kf2 e5 21. Ne4 Qe7 22. d3 Be6 23. Ng5 Bf5 24.
Rab1 d5 25. d4 Bxc2 26. Rbc1 Bxa4 27. dxe5 Rf5 28. f4 Raf8 29. Kg3 Qb4 30. Nh3 g5 31. fxg5 Bb5 32. e6 Qd6+ 33. Kh4 Re5 34. Qa7 Re4+ 35. Kh5 Be2+ 36. g4 Bxg4+ 37. Kh4 Be2+ 0-1

[Event "*** SCC Grand Prix: Titled Tuesday Blitz"]
[Site "Chess.com"]
[Date "2020.06.09"]
[Round "8"]
[White "vitnik2020"]
[Black "MFBerna"]
[Result "1-0"]
[WhiteElo "2315"]
[BlackElo "2394"]
[TimeControl "180+1"]
[EndTime "10:35:12 PDT"]
[Termination "vitnik2020 won on time"]

1. e4 c5 2. Nf3 d6 3. d4 cxd4 4. Nxd4 Nf6 5. Nc3 a6 6. Be2 e5 7.
Nf3 Be7 8. Bg5 Be6 9. Bxf6 Bxf6 10.
Qd2 Nc6 11. Rd1 Be7 12. Nd5 O-O 13. c3 Bxd5 14. Qxd5 Qc7 15. O-O Rad8 16. a4 g6 17. Bc4 Kg7 18. Qd3 f5 19. Bd5 fxe4 20. Qxe4 Rf4 21.
Qe2 Rdf8 22. b4 a5 23. b5 Nb8 24. c4 Nd7 25. g3 R4f5 26. Nd2 Nc5 27. Ra1 b6 28. Ne4 Nxe4 29. Qxe4 Qc5 30. Ra2 Bg5 31. h4 Be3 32. Kg2 Bxf2 33. Be6 R5f6 34. Qb7+ Kh6 35. Bd5 Bxg3 36. Rxf6 Rxf6 37. Bg8 Rf2+ 38. Kh3 Rh2+ 39. Rxh2 1-0

[Event "*** SCC Grand Prix: Titled Tuesday Blitz"]
[Site "Chess.com"]
[Date "2020.06.09"]
[Round "8"]
[White "Rodalquilar"]
[Black "Radzio1987"]
[Result "0-1"]
[WhiteElo "2631"]
[BlackElo "2890"]
[TimeControl "180+1"]
[EndTime "10:35:14 PDT"]
[Termination "Radzio1987 won by resignation"]

1. e4 c5 2. Nc3 d6 3. Bb5+ Bd7 4. a4 Nf6 5. d3 g6 6. Bg5 Bg7 7. Nge2 O-O 8. Qd2 Nc6 9. O-O Nd4 10. Nxd4 cxd4 11. Ne2 Bxb5 12. axb5 Qb6 13. Qb4 Rfc8 14. Qxd4 Qxb5 15. Be3 Ng4 16. c4 Bxd4 17. cxb5 Nxe3 18. Nxd4 Nxf1 19. Kxf1 Rc5 20. b4 Rc3 21. Ke2 e5 22. Nf3 Rc2+ 23. Ke3 Rb2 24. Ra4 Rc8 25. Ng1 Rc1 26.
Nh3 Re1+ 27. Kf3 Rb3 28. Rxa7 Rxd3+ 29. Kg4 Rxe4+ 30. f4 Kg7 31. Rxb7 exf4 32. Rxf7+ Kxf7 33. Ng5+ Ke7 34. Nxe4 Rb3 35. Kxf4 Rxb4 36. b6 d5 37. Ke5 Rxe4+ 38. Kxd5 Rb4 39. Kc5 Rb2 40. b7 Rxb7 0-1

[Event "*** SCC Grand Prix: Titled Tuesday Blitz"]
[Site "Chess.com"]
[Date "2020.06.09"]
[Round "8"]
[White "oskariot"]
[Black "RestartingChess"]
[Result "1-0"]
[WhiteElo "2648"]
[BlackElo "2477"]
[TimeControl "180+1"]
[EndTime "10:35:14 PDT"]
[Termination "oskariot won by checkmate"]

1. e4 Nf6 2. e5 Nd5 3. d4 d6 4. Nf3 g6 5. exd6 cxd6 6. Be2 Bg7 7.
O-O O-O 8. c4 Nf6 9. Nc3 Bf5 10.
Re1 Nc6 11. Be3 Rc8 12. h3 a6 13. Rc1 d5 14. c5 Ne4 15. a3 e5 16. dxe5 Nxc3 17. Rxc3 Nxe5 18. Nxe5 Bxe5 19. Bd4 Re8 20. Bf3 Bxd4 21. Rxe8+ Qxe8 22. Qxd4 Qe1+ 23. Kh2 Rd8 24. Re3 Qa5 25. Re7 Be6 26. b4 Qxa3 27. Rxb7 Rc8 28. Bxd5 Bxd5 29. Qxd5 Rf8 30. Qd4 Qa4 31. Qe5 Qc6 32.
Rc7 Qb5 33. Qf4 a5 34. bxa5 Qxa5 35. c6 Qb6 36. h4 Kg7 37. h5 gxh5 38. Qg5+ Kh8 39.
Qf6+ Kg8 40. Re7 h6 41. Re3 Kh7 42. Rg3 Qc7 43. Qg7# 1-0

[Event "*** SCC Grand Prix: Titled Tuesday Blitz"]
[Site "Chess.com"]
[Date "2020.06.09"]
[Round "8"]
[White "davidkalashian"]
[Black "MFguimaraes"]
[Result "1-0"]
[WhiteElo "2602"]
[BlackElo "2464"]
[TimeControl "180+1"]
[EndTime "10:35:16 PDT"]
[Termination "davidkalashian won by resignation"]

1. e4 e5 2. Nf3 Nc6 3. d4 exd4 4. Nxd4 Bb4+ 5. Nc3 Nf6 6. Nxc6 bxc6 7. Bd3 d5 8. exd5 O-O 9. O-O cxd5 10. Bg5 c6 11. Qf3 Bd6 12. Rfe1 Rb8 13. Rab1 h6 14. Bxf6 Qxf6 15.
Qxf6 gxf6 16. Ne2 c5 17. Ng3 c4 18. Bf1 Bxg3 19. hxg3 Bf5 20. Re2 Rfe8 21. Rxe8+ Rxe8 22.
Rc1 Re6 23. f3 Ra6 24. g4 Bg6 25. a3 Rb6 26. b3 cxb3 27. cxb3 Rxb3 28. a4 Rb1 29. Rc8+ Kg7 30. Kf2 Ra1 31. Bb5 f5 32.
gxf5 Bxf5 33. Rd8 Be6 34. Ra8 Ra2+ 35. Kg3 h5 36. Rxa7 Kf6 37. Ra8 h4+ 38. Kxh4 Rxg2 39. a5 Rb2 40. Rb8 d4 41. a6 d3 42. a7 d2 43. Be2 d1=Q 44. Bxd1 Rh2+ 1-0